General information
- name: BNet
- type: Ladder team game (AT/RT)
- host: Battle.net
- saver: DragonBoySuede
map: RiceFields
- players: 6
- length: 37:26
- speed: Fast
- version: 1.26 W3XP
- replay type: Public
» download(231 KB)
Players
team 1 (loser)
Archimonde-evil (
red | 57 APM | 2149 actions | 37:24)
5 Shadow Hunter
2 Serpent Ward
3 Hex
» actions
| Assign group hotkey | 71 | |
| Basic commands | 25 | |
| Build / train | 53 | |
| Enter build submenu | 14 | |
| Enter hero's abilities submenu | 7 | |
| Right click | 1084 | |
| Select / deselect | 174 | |
| Select group hotkey | 642 | |
| Use ability | 79 | |
2149 total
» units
| Peon | 13 | |
| Grunt | 6 | |
| Tauren | 6 | |
| Shaman | 3 | |
28 total
» upgrades
| Berserker Strength | 1 | |
| Shaman Training | 2 | |
| Armor | 2 | |
| Pulverize | 1 | |
| Melee Weapons | 1 | |
7 total
» buildings
| Altar of Storms | 1 | |
| Orc Burrow | 7 | |
| Barracks | 1 | |
| Voodoo Lounge | 1 | |
| Stronghold | 1 | |
| Fortress | 1 | |
| War Mill | 1 | |
| Spirit Lodge | 1 | |
| Tauren Totem | 2 | |
16 total
» build order
00:07 Altar of Storms
00:20 Orc Burrow
00:50 Barracks
01:29 Voodoo Lounge
01:43 Orc Burrow
03:29 Stronghold
03:43 Orc Burrow
05:36 Orc Burrow
06:00 Fortress
06:35 War Mill
07:03 Spirit Lodge
08:45 Tauren Totem
08:48 Tauren Totem
10:10 Orc Burrow
10:13 Orc Burrow
15:46 Orc Burrow
» items
| Healing Salve | 1 | |
| Lesser Clarity Potion | 1 | |
| Scroll of Speed | 1 | |
| Tiny Great Hall | 1 | |
4 total
OmG.stormorc (
blue | 25 APM | 935 actions | 37:14)
4 Archmage
2 Summon Water Elemental
2 Brilliance Aura
3 Mountain King
2 Storm Bolt
1 Bash
1 Paladin
1 Holy Light
» actions
| Assign group hotkey | 6 | |
| Basic commands | 1 | |
| Build / train | 121 | |
| Enter build submenu | 23 | |
| Enter hero's abilities submenu | 8 | |
| Give item / drop item | 3 | |
| Right click | 396 | |
| Select / deselect | 290 | |
| Select group hotkey | 5 | |
| Use ability | 82 | |
935 total
» units
| Peasant | 21 | |
| Footman | 10 | |
| Rifleman | 6 | |
| Knight | 11 | |
| Gryphon Rider | 16 | |
64 total
» upgrades
| Long Rifles | 1 | |
| Animal War Training | 1 | |
| Storm Hammers | 1 | |
3 total
» buildings
| Altar of Kings | 1 | |
| Farm | 8 | |
| Barracks | 1 | |
| Arcane Vault | 1 | |
| Lumber Mill | 1 | |
| Blacksmith | 1 | |
| Keep | 1 | |
| Gryphon Aviary | 2 | |
| Castle | 1 | |
| Arcane Sanctum | 1 | |
| Town Hall | 1 | |
| Scout Tower | 3 | |
| Guard Tower | 4 | |
26 total
» build order
00:09 Altar of Kings
00:14 Farm
00:37 Barracks
01:00 Farm
01:57 Arcane Vault
02:21 Lumber Mill
03:36 Blacksmith
03:44 Farm
04:28 Keep
07:35 Gryphon Aviary
07:42 Farm
07:44 Farm
08:57 Castle
09:49 Arcane Sanctum
10:02 Farm
22:27 Gryphon Aviary
23:18 Town Hall
23:43 Scout Tower
25:09 Guard Tower
25:11 Scout Tower
25:28 Farm
25:33 Farm
30:44 Guard Tower
30:44 Guard Tower
30:45 Guard Tower
32:55 Scout Tower
» items
| Scroll of Speed | 1 | |
| Lesser Clarity Potion | 1 | |
| Healing Salve | 1 | |
| Orb of Frost | 1 | |
| Claws of Attack +6 | 1 | |
| Gauntlets of Ogre Strength +3 | 3 | |
| Cloak of Shadows | 1 | |
| Gloves of Haste | 3 | |
| Circlet of Nobility | 4 | |
| Potion of Greater Mana | 4 | |
| Scroll of Town Portal | 1 | |
| Staff of Sanctuary | 4 | |
| Orb of Fire | 1 | |
| Potion of Mana | 1 | |
| Ankh of Reincarnation | 1 | |
28 total
SuperSaiyan3 (
pink | 42 APM | 1551 actions | 37:18)
3 Shadow Hunter
1 Serpent Ward
2 Healing Wave
2 Tauren Chieftain
1 Endurance Aura
1 War Stomp
» actions
| Assign group hotkey | 81 | |
| Build / train | 120 | |
| Enter build submenu | 27 | |
| Enter hero's abilities submenu | 5 | |
| Remove unit from queue | 8 | |
| Right click | 729 | |
| Select / deselect | 342 | |
| Select group hotkey | 132 | |
| Use ability | 107 | |
1551 total
» units
| Peon | 27 | |
| Troll Headhunter/Berserker | 34 | |
| Troll Witch Doctor | 7 | |
| Demolisher | 26 | |
94 total
» upgrades
| Spiked Barricades | 2 | |
| Ranged Weapons | 3 | |
| Troll Regeneration | 1 | |
| Witch Doctor Training | 2 | |
| Berserker Upgrade | 1 | |
9 total
» buildings
| War Mill | 1 | |
| Orc Burrow | 8 | |
| Altar of Storms | 2 | |
| Barracks | 2 | |
| Watch Tower | 21 | |
| Stronghold | 2 | |
| Fortress | 1 | |
| Spirit Lodge | 2 | |
| Great Hall | 3 | |
| Voodoo Lounge | 1 | |
43 total
» build order
00:17 War Mill
00:26 Orc Burrow
00:29 Altar of Storms
01:41 Orc Burrow
02:52 Barracks
03:23 Watch Tower
03:34 Stronghold
04:02 Orc Burrow
04:05 Orc Burrow
06:34 Fortress
06:42 Spirit Lodge
06:48 Spirit Lodge
06:51 Orc Burrow
06:53 Orc Burrow
06:54 Orc Burrow
06:55 Orc Burrow
18:33 Great Hall
20:03 Altar of Storms
21:42 Voodoo Lounge
22:14 Barracks
22:26 Watch Tower
22:27 Watch Tower
22:29 Watch Tower
22:30 Watch Tower
22:31 Watch Tower
22:33 Watch Tower
22:37 Watch Tower
23:10 Great Hall
24:03 Great Hall
24:13 Stronghold
27:06 Watch Tower
27:35 Watch Tower
27:36 Watch Tower
27:38 Watch Tower
27:39 Watch Tower
27:47 Watch Tower
27:55 Watch Tower
28:03 Watch Tower
28:17 Watch Tower
29:16 Watch Tower
29:19 Watch Tower
31:35 Watch Tower
31:36 Watch Tower
team 2 (winner)
DragonBoySuede (
orange | 109 APM | 4067 actions | 37:26)
8 Blademaster
3 Wind Walk
3 Critical Strike
1 Bladestorm
1 Mirror Image
» actions
| Assign group hotkey | 175 | |
| Basic commands | 37 | |
| Build / train | 80 | |
| ESC pressed | 1 | |
| Enter build submenu | 64 | |
| Enter hero's abilities submenu | 8 | |
| Give item / drop item | 4 | |
| Right click | 2076 | |
| Select / deselect | 343 | |
| Select group hotkey | 1045 | |
| Use ability | 232 | |
4067 total
» units
» upgrades
| Spiked Barricades | 1 | |
| Ranged Weapons | 4 | |
| Liquid Fire | 1 | |
| Reinforced Defenses | 1 | |
| Armor | 2 | |
9 total
» buildings
| Altar of Storms | 2 | |
| Orc Burrow | 3 | |
| War Mill | 1 | |
| Watch Tower | 49 | |
| Stronghold | 2 | |
| Voodoo Lounge | 3 | |
| Fortress | 2 | |
| Beastiary | 2 | |
| Great Hall | 1 | |
65 total
» build order
00:04 Altar of Storms
00:07 Orc Burrow
00:09 Altar of Storms
00:22 War Mill
01:14 Orc Burrow
01:40 Watch Tower
01:53 Watch Tower
02:33 Watch Tower
02:36 Watch Tower
03:04 Stronghold
03:04 Stronghold
03:13 Watch Tower
03:46 Watch Tower
03:48 Watch Tower
03:56 Voodoo Lounge
04:04 Voodoo Lounge
04:05 Voodoo Lounge
04:20 Watch Tower
04:59 Watch Tower
05:02 Watch Tower
05:17 Watch Tower
05:37 Watch Tower
05:48 Fortress
05:48 Fortress
06:10 Watch Tower
06:11 Watch Tower
06:22 Beastiary
06:39 Beastiary
07:08 Orc Burrow
08:00 Great Hall
08:24 Watch Tower
10:14 Watch Tower
10:15 Watch Tower
10:15 Watch Tower
11:08 Watch Tower
11:27 Watch Tower
11:27 Watch Tower
11:28 Watch Tower
11:29 Watch Tower
12:12 Watch Tower
12:13 Watch Tower
12:14 Watch Tower
12:14 Watch Tower
12:15 Watch Tower
12:15 Watch Tower
14:55 Watch Tower
14:56 Watch Tower
15:59 Watch Tower
17:40 Watch Tower
17:40 Watch Tower
18:02 Watch Tower
18:03 Watch Tower
19:52 Watch Tower
19:52 Watch Tower
19:55 Watch Tower
19:57 Watch Tower
19:57 Watch Tower
19:59 Watch Tower
19:59 Watch Tower
20:00 Watch Tower
21:26 Watch Tower
21:28 Watch Tower
26:44 Watch Tower
26:46 Watch Tower
30:23 Watch Tower
» items
| Healing Salve | 2 | |
| Lesser Clarity Potion | 5 | |
| Scroll of Speed | 2 | |
| Orb of Lightning | 1 | |
| Claws of Attack +15 | 4 | |
| Scroll of Town Portal | 1 | |
15 total
eatmypoo (
teal | 75 APM | 2804 actions | 37:25)
5 Warden
3 Shadow Strike
2 Blink
» actions
| Assign group hotkey | 3 | |
| Basic commands | 8 | |
| Build / train | 48 | |
| ESC pressed | 1 | |
| Enter build submenu | 22 | |
| Enter hero's abilities submenu | 5 | |
| Give item / drop item | 1 | |
| Right click | 1967 | |
| Select / deselect | 228 | |
| Select group hotkey | 314 | |
| Use ability | 207 | |
2804 total
» units
» upgrades
| Ultravision | 2 | |
| Nature's Blessing | 1 | |
| Well Spring | 1 | |
4 total
» buildings
| Altar of Elders | 1 | |
| Moon Well | 18 | |
| Tree of Ages | 1 | |
| Hunter's Hall | 1 | |
| Tree of Life | 1 | |
| Tree of Eternity | 1 | |
| Ancient of Wonders | 1 | |
24 total
» build order
00:04 Altar of Elders
00:06 Moon Well
01:29 Moon Well
04:01 Tree of Ages
05:39 Hunter's Hall
06:50 Tree of Life
07:11 Tree of Eternity
08:47 Ancient of Wonders
11:24 Moon Well
12:12 Moon Well
12:13 Moon Well
14:10 Moon Well
14:11 Moon Well
14:14 Moon Well
14:15 Moon Well
16:44 Moon Well
16:47 Moon Well
16:50 Moon Well
16:52 Moon Well
20:54 Moon Well
20:57 Moon Well
22:21 Moon Well
26:34 Moon Well
26:35 Moon Well
» items
| Healing Salve | 1 | |
| Lesser Clarity Potion | 1 | |
| Orb of Venom | 1 | |
| Ring of Protection +5 | 1 | |
| Claws of Attack +15 | 2 | |
6 total
unbelievabliggy (
yellow | 122 APM | 4555 actions | 37:25)
5 Archmage
3 Blizzard
2 Brilliance Aura
4 Mountain King
2 Storm Bolt
2 Bash
3 Paladin
2 Holy Light
1 Divine Shield
» actions
| Assign group hotkey | 456 | |
| Basic commands | 27 | |
| Build / train | 159 | |
| Enter build submenu | 126 | |
| Enter hero's abilities submenu | 13 | |
| Give item / drop item | 10 | |
| Right click | 1964 | |
| Select / deselect | 476 | |
| Select group hotkey | 1019 | |
| Use ability | 305 | |
4555 total
» units
» upgrades
| Masonry | 3 | |
| Lumber Harvesting | 2 | |
| Magic Sentry | 1 | |
6 total
» buildings
| Altar of Kings | 1 | |
| Farm | 3 | |
| Lumber Mill | 1 | |
| Scout Tower | 156 | |
| Arcane Tower | 22 | |
| Guard Tower | 74 | |
| Keep | 1 | |
| Arcane Vault | 3 | |
| Town Hall | 2 | |
| Arcane Sanctum | 1 | |
| Castle | 1 | |
265 total
» build order
00:08 Altar of Kings
00:18 Farm
00:36 Farm
00:49 Lumber Mill
01:13 Farm
01:19 Scout Tower
01:32 Scout Tower
01:46 Arcane Tower
02:02 Scout Tower
02:03 Scout Tower
02:13 Guard Tower
02:14 Scout Tower
02:28 Arcane Tower
02:52 Guard Tower
02:53 Scout Tower
02:57 Guard Tower
02:58 Scout Tower
03:00 Scout Tower
03:10 Scout Tower
03:12 Scout Tower
03:21 Guard Tower
03:22 Scout Tower
03:23 Scout Tower
03:45 Guard Tower
03:46 Guard Tower
03:49 Scout Tower
03:50 Scout Tower
03:51 Arcane Tower
04:03 Keep
04:21 Guard Tower
04:27 Scout Tower
04:32 Scout Tower
04:35 Guard Tower
04:37 Arcane Vault
04:49 Arcane Tower
04:49 Guard Tower
04:55 Arcane Tower
05:23 Scout Tower
05:24 Scout Tower
05:42 Town Hall
05:46 Scout Tower
05:47 Scout Tower
05:51 Scout Tower
05:53 Scout Tower
05:53 Scout Tower
06:06 Guard Tower
06:08 Scout Tower
06:08 Scout Tower
06:14 Guard Tower
06:16 Arcane Tower
06:18 Scout Tower
06:19 Guard Tower
06:20 Scout Tower
06:21 Scout Tower
06:36 Guard Tower
06:37 Scout Tower
06:38 Scout Tower
06:43 Scout Tower
06:44 Scout Tower
06:56 Scout Tower
06:58 Arcane Tower
06:59 Guard Tower
07:02 Guard Tower
07:03 Scout Tower
07:07 Guard Tower
07:07 Guard Tower
07:19 Scout Tower
07:20 Scout Tower
07:41 Arcane Sanctum
07:46 Guard Tower
07:48 Scout Tower
07:52 Arcane Tower
07:53 Guard Tower
07:55 Scout Tower
07:59 Guard Tower
08:00 Guard Tower
08:01 Guard Tower
08:02 Scout Tower
08:03 Scout Tower
08:20 Guard Tower
08:21 Guard Tower
08:22 Scout Tower
08:23 Scout Tower
08:25 Arcane Tower
08:30 Scout Tower
08:31 Scout Tower
08:35 Guard Tower
08:40 Scout Tower
09:02 Guard Tower
09:08 Scout Tower
09:09 Scout Tower
10:07 Castle
10:08 Guard Tower
10:09 Guard Tower
10:11 Scout Tower
10:14 Scout Tower
10:14 Scout Tower
10:15 Arcane Tower
10:18 Guard Tower
10:29 Guard Tower
10:30 Scout Tower
10:31 Scout Tower
11:08 Guard Tower
11:09 Scout Tower
11:11 Scout Tower
11:13 Guard Tower
11:15 Scout Tower
11:15 Scout Tower
11:16 Scout Tower
11:18 Guard Tower
11:19 Scout Tower
11:20 Scout Tower
11:23 Guard Tower
11:23 Guard Tower
11:25 Scout Tower
11:26 Scout Tower
11:38 Scout Tower
11:43 Arcane Tower
12:26 Guard Tower
12:28 Arcane Vault
12:32 Scout Tower
12:32 Scout Tower
12:53 Guard Tower
12:55 Scout Tower
12:56 Scout Tower
13:00 Guard Tower
13:04 Scout Tower
13:07 Scout Tower
13:08 Scout Tower
13:10 Scout Tower
13:16 Scout Tower
13:17 Scout Tower
13:20 Arcane Tower
13:28 Guard Tower
13:29 Scout Tower
13:30 Scout Tower
13:45 Guard Tower
13:51 Scout Tower
13:53 Scout Tower
13:54 Arcane Tower
14:00 Guard Tower
14:02 Scout Tower
14:25 Guard Tower
14:27 Guard Tower
14:35 Guard Tower
14:40 Scout Tower
14:41 Scout Tower
14:41 Scout Tower
15:01 Scout Tower
15:01 Scout Tower
15:05 Guard Tower
15:34 Guard Tower
15:39 Scout Tower
15:41 Scout Tower
15:42 Scout Tower
15:43 Scout Tower
15:44 Scout Tower
15:53 Guard Tower
15:57 Guard Tower
16:07 Guard Tower
16:28 Scout Tower
16:29 Scout Tower
17:16 Guard Tower
19:40 Scout Tower
19:40 Scout Tower
19:41 Scout Tower
19:41 Scout Tower
19:42 Scout Tower
19:42 Scout Tower
19:43 Scout Tower
19:44 Scout Tower
19:45 Scout Tower
19:45 Scout Tower
19:48 Scout Tower
19:49 Scout Tower
19:50 Scout Tower
19:50 Scout Tower
19:51 Scout Tower
19:52 Scout Tower
19:52 Scout Tower
19:53 Scout Tower
19:53 Scout Tower
19:54 Scout Tower
19:55 Scout Tower
19:56 Scout Tower
19:57 Scout Tower
20:01 Scout Tower
20:02 Scout Tower
20:46 Town Hall
20:48 Scout Tower
20:49 Scout Tower
20:50 Scout Tower
20:51 Scout Tower
20:52 Scout Tower
20:52 Scout Tower
20:53 Scout Tower
20:54 Scout Tower
20:54 Scout Tower
20:58 Guard Tower
21:00 Scout Tower
21:01 Scout Tower
21:03 Scout Tower
21:05 Scout Tower
21:06 Scout Tower
21:07 Scout Tower
21:10 Arcane Tower
21:13 Guard Tower
21:25 Scout Tower
21:28 Scout Tower
21:28 Scout Tower
21:30 Scout Tower
21:31 Scout Tower
22:52 Arcane Tower
22:52 Guard Tower
22:56 Arcane Tower
23:00 Arcane Tower
23:01 Guard Tower
23:03 Arcane Vault
23:05 Scout Tower
23:05 Scout Tower
23:06 Scout Tower
23:09 Guard Tower
23:14 Guard Tower
23:33 Guard Tower
23:35 Arcane Tower
23:39 Guard Tower
23:42 Scout Tower
23:44 Scout Tower
23:45 Scout Tower
24:00 Guard Tower
24:12 Guard Tower
24:15 Arcane Tower
24:16 Guard Tower
24:25 Guard Tower
26:11 Guard Tower
26:16 Arcane Tower
26:17 Guard Tower
26:22 Guard Tower
26:24 Scout Tower
26:25 Scout Tower
26:28 Scout Tower
26:28 Scout Tower
26:30 Scout Tower
26:30 Scout Tower
26:31 Scout Tower
26:32 Scout Tower
26:34 Scout Tower
26:53 Arcane Tower
26:56 Guard Tower
28:16 Guard Tower
28:27 Guard Tower
28:52 Scout Tower
28:54 Scout Tower
28:57 Scout Tower
29:01 Scout Tower
29:02 Scout Tower
30:33 Guard Tower
30:35 Guard Tower
30:39 Guard Tower
31:04 Scout Tower
31:05 Scout Tower
31:47 Guard Tower
32:18 Guard Tower
» items
| Healing Salve | 2 | |
| Orb of Lightning | 3 | |
| Scroll of Town Portal | 1 | |
| Staff of Sanctuary | 3 | |
| Potion of Healing | 1 | |
| Kelen's Dagger of Escape | 3 | |
13 total
Chat log
(00:14 / All) unbelievabliggy: hi
(00:18 / All) Archimonde-evil: hello
(00:21 / All) eatmypoo: well Met
(05:24 / All) DragonBoySuede: blue wake up
(05:25 / All) DragonBoySuede: i'm in ur base
(06:09 / All) OmG.stormorc: next time i kill my self
(06:14 / All) eatmypoo: ...or god
(16:57 / All) DragonBoySuede: pink your base
(16:59 / All) DragonBoySuede: it's dying
(18:16 / All) DragonBoySuede: red pay attention
(18:18 / All) DragonBoySuede: your base is dying
(18:29 / All) Archimonde-evil: lol noobs
(18:35 / All) unbelievabliggy: ty for the free win
(18:45 / All) Archimonde-evil: np faggot
(19:04 / All) unbelievabliggy: very kind of u
(19:13 / All) Archimonde-evil: ty
(20:56 / All) unbelievabliggy: leave noobs
(21:10 / All) DragonBoySuede: rofl u guys are such poor players
(21:24 / All) Archimonde-evil: haha
(21:31 / All) Archimonde-evil: mass tower is pretty pathetic
(21:36 / All) DragonBoySuede: losing to mass tower is worse
(21:44 / All) Archimonde-evil: nah
(21:53 / All) eatmypoo: what kind of retard do you have to be to lose to a building
(22:00 / All) unbelievabliggy: they dont even move
(22:56 / All) DragonBoySuede: so wwhat's the plan now guys
(23:01 / All) eatmypoo: "lose game"
(23:05 / All) eatmypoo: "eat poo"
(23:15 / All) eatmypoo: sry pink
(23:16 / All) Archimonde-evil: eat my dick
(23:28 / All) Archimonde-evil: retard
(23:34 / All) DragonBoySuede: lol game is over m8
(23:41 / All) DragonBoySuede: i'm just playin w/ 1 hand now
(23:41 / All) Archimonde-evil: i dont care
(23:43 / All) eatmypoo: what's it like to stay in a game you lost a long time ago
(23:44 / All) eatmypoo: i
(23:47 / All) DragonBoySuede: other hand.. it's Upon My Dick
(23:51 / All) eatmypoo: i've never experienced that b4
(23:54 / All) Archimonde-evil: yy
(24:00 / All) DragonBoySuede: Once Upon My Dick that's the opening sentence of the fairytale I'm writing about u bitch
(24:07 / All) Archimonde-evil: hahaahahah
(24:13 / All) Archimonde-evil: you're so proud xD
(24:14 / All) Archimonde-evil: fag
(24:18 / All) DragonBoySuede: ???
(24:20 / All) DragonBoySuede: excuse me
(24:21 / All) DragonBoySuede: u lost
(24:22 / All) Archimonde-evil: ?????????
(24:25 / All) DragonBoySuede: u have no right to talk this way
(24:26 / All) Archimonde-evil: excuse me
(24:29 / All) Archimonde-evil: you gay
(24:30 / All) unbelievabliggy: Lost to towers like a noobey
(24:37 / All) DragonBoySuede: i mean a tower can't even move.. did u know this
(24:41 / All) Archimonde-evil: do it in 1v1 and we will see if i lose
(24:46 / All) eatmypoo: ok
(24:46 / All) unbelievabliggy: all you ahve to do is stay away from the towers
(24:48 / All) unbelievabliggy: 1v1?
(24:48 / All) unbelievabliggy: 1v1?
(24:52 / All) unbelievabliggy: right now noob?
(24:54 / All) Archimonde-evil: you lose
(24:55 / All) Archimonde-evil: xD
(24:59 / All) DragonBoySuede: based on your play this game
(25:01 / All) DragonBoySuede: you can't beat ANYBODY
(25:11 / All) Archimonde-evil: ofc not
(25:23 / All) eatmypoo: N1
(25:32 / All) eatmypoo: we call that a n1 surround
(26:18 / All) eatmypoo: your...arch...mage
(27:30 / All) eatmypoo: All Retards Say Good Bye (And Leave)
(27:43 / All) DragonBoySuede: u guys are like Computer(Easy)
(27:46 / All) DragonBoySuede: retaking bases and shit
(27:56 / All) DragonBoySuede: ur micro is poor also. like computer easy's micro..
(28:05 / All) Archimonde-evil: shut the fuck up ok?
(28:09 / All) DragonBoySuede: ....
(28:11 / All) eatmypoo: why are you still playing
(28:16 / All) DragonBoySuede: what's wrong with u bro seriously it's 201
(28:18 / All) DragonBoySuede: 2014
(28:18 / All) eatmypoo: do you really think you can win or are you trying to waste our time
(28:21 / All) unbelievabliggy: we have defeated you in a game of skill
(28:24 / All) unbelievabliggy: truly we are the greatest
(28:43 / All) eatmypoo: "let's try siege we can still win"
(28:47 / All) eatmypoo: "wait we are retards"
(28:49 / All) DragonBoySuede: No, my liege
(29:00 / All) Archimonde-evil: i drophack you
(29:02 / All) Archimonde-evil: hahaha
(29:11 / All) unbelievabliggy: oh no not our record
(29:13 / All) unbelievabliggy: face it
(29:17 / All) unbelievabliggy: you lost and that's all there is to it
(29:19 / All) Archimonde-evil: xDDD
(29:24 / All) unbelievabliggy: forever it will be known
(29:29 / All) unbelievabliggy: that you lost to us and we are the best
(29:29 / All) eatmypoo: eat my turds blue
(29:37 / All) eatmypoo: you smell like a stinky shit from a baby that goes into his diaper
(29:54 / All) eatmypoo: hahaha check out this retarded baby, shitting in his diaper. it smells bad
(30:01 / All) unbelievabliggy: PEACE NOOBS
(30:10 / All) unbelievabliggy: we kill your stuff
(30:11 / All) OmG.stormorc: faggot yelow
(30:11 / All) DragonBoySuede: "nice micro"
(30:13 / All) unbelievabliggy: you kill nothing
(30:18 / All) eatmypoo: im gonna afk a few minutes gotta cook some dinner
(30:22 / All) eatmypoo: we keep game running though. for u
(30:45 / All) DragonBoySuede: shgaka zahn careful
(31:07 / All) unbelievabliggy: siege
(31:10 / All) unbelievabliggy: rolf
(31:18 / All) unbelievabliggy: noob pink
(31:26 / All) DragonBoySuede: are u even awake right now dude
(31:31 / All) unbelievabliggy: Noob pink
(32:35 / All) unbelievabliggy: pink why did u attack with siege
(33:59 / All) DragonBoySuede: haha remember when u challenged us to a 1v1
(34:03 / All) DragonBoySuede: fucken hilarious man
(34:18 / All) DragonBoySuede: *wipes tears from eyes... tears of joy*
(34:31 / All) OmG.stormorc: im not care
(34:40 / All) unbelievabliggy: heard that before
(35:15 / All) DragonBoySuede: nah but serious u guys are pretty cool we should be friends
(35:15 / All) OmG.stormorc: yes wake upp gangster
(35:23 / All) DragonBoySuede: i mean we should play (8)Friends.w3x so we can SHIT ON U AGAIN
(36:44 / All) DragonBoySuede: 520 crit dude did you see that
(36:45 / All) DragonBoySuede: OOOH 540
(37:16 / All) DragonBoySuede: u did it
(37:17 / All) DragonBoySuede: u really did it
(37:19 / All) DragonBoySuede: u lost the game
(37:20 / All) DragonBoySuede: good job